 Dungeon Crawl Stone Soup version 0.25-a0-265-g7af84ae0ac (webtiles) character file.

Game seed: 6177497049833306380, levelgen mode: deterministic

379443 night the Black Belt (level 21, -4/172 HPs)
             Began as a Demonspawn Fire Elementalist on Dec 6, 2019.
             Was a High Priest of Cheibriados.
             Killed from afar by a wretched star (31 damage)
             ... with a lance of force
             ... on level 4 of the Abyss on Dec 8, 2019.
             The game lasted 04:42:51 (55515 turns).

night the Black Belt (DsFE)                        Turns: 55515, Time: 04:42:53

Health: -4/172     AC: 31    Str: 25    XL:     21   Next: 52%
Magic:  31/35      EV:  7    Int: 41    God:    Cheibriados [*****.]
Gold:   1667       SH: 16    Dex: 29    Spells: 5/40 levels left

rFire    + . .     SeeInvis .     - Unarmed
rCold    + . .     Gourm    .   K - +2 shield {reflect}
rNeg     . . .     Faith    .   J - +1 plate armour {rPois}
rPois    +         Spirit   .   f - +0 helmet {Int+3}
rElec    .         Reflect  +   C - +0 cloak {MR+}
rCorr    .         Harm     .   (gloves unavailable)
MR       ++...                  H - +2 pair of boots of Awe {Str+4 Dex+2}
Stlth    ..........             R - amulet of magic regeneration
HPRegen  3.38/turn              i - ring of wizardry
MPRegen  0.49/turn              h - +6 ring of protection

@: very heavily drained, very slow
A: claws 3, iridescent scales 3, blink, [blurry vision 1], cold resistance 1,
fire resistance 1, nightstalker 2, powered by death 3, [weak 1], freezing cloud
immunity
}: 3/15 runes: decaying, abyssal, gossamer
a: Blink, Bend Time, Temporal Distortion, Slouch, Step From Time, Renounce
Religion


You were on level 4 of the Abyss.
You worshipped Cheibriados.
Cheibriados was extremely pleased with you.
You were not hungry.

You visited 8 branches of the dungeon, and saw 38 of its levels.
You visited the Abyss 1 time.
You visited 1 bazaar.
You also visited: Volcano.

You collected 4158 gold pieces.
You spent 2491 gold pieces at shops.

Inventory:

Hand Weapons
 c - the +7 spear "Umumoh" {pierce, rF++}
   (You found it on level 4 of the Dungeon)

   It inflicts extra damage upon your enemies.
   It greatly protects you from fire.
Missiles
 g - 28 boomerangs
 r - 99 poisoned darts (quivered)
 x - 7 curare-tipped darts
 F - 6 silver javelins
Armour
 f - a +0 helmet of intelligence (worn)
 C - a +0 cloak of magic resistance (worn)
 H - the +2 pair of boots of Awe (worn) {Str+4 Dex+2}
   (You found it on level 8 of the Dungeon)

   It affects your strength (+4).
   It affects your dexterity (+2).
 J - a +1 plate armour of poison resistance (worn)
 K - a +2 shield of reflection (worn)
 Z - a +2 pair of boots of flying
Magical Staves
 b - an uncursed staff of energy
 O - an uncursed staff of power
Jewellery
 d - a +5 ring of intelligence
 h - a +6 ring of protection (right claw)
 i - a ring of wizardry (left claw)
 n - a +5 ring of intelligence
 p - an uncursed ring of protection from magic
 u - an uncursed ring of magical power
 z - an uncursed ring of fire
 A - an uncursed ring of resist corrosion
 M - an uncursed ring of protection from cold
 N - an uncursed ring of see invisible
 R - an amulet of magic regeneration (around neck)
Wands
 k - a wand of scattershot (4)
 t - a wand of acid (9)
 v - a wand of polymorph (13)
 E - a wand of paralysis (14)
 G - a wand of disintegration (42)
 I - a wand of digging (16)
Scrolls
 e - 15 scrolls of remove curse
 j - 11 scrolls of teleportation
 m - a scroll of acquirement
 s - 6 scrolls of fear
 D - 3 scrolls of blinking
 P - 2 scrolls of magic mapping
 T - 6 scrolls of identify
 X - a scroll of fog
Potions
 l - 3 potions of resistance
 q - 5 potions of heal wounds
 w - 8 potions of lignification
 y - 5 potions of agility
 B - 5 potions of might
 L - 6 potions of brilliance
 Q - 4 potions of cancellation
 S - 2 potions of magic
 U - 3 potions of invisibility
 W - 12 potions of curing
 Y - 6 potions of ambrosia
Miscellaneous
 V - a phial of floods
Comestibles
 a - 52 rations


   Skills:
 + Level 16.6(11.8) Fighting
 - Level 10.0(5.9) Armour
 - Level 4.4(0.9) Dodging
 - Level 1.7(0.0) Stealth
 - Level 15.0(10.4) Shields
 + Level 17.2(12.3) Unarmed Combat
 - Level 10.3(6.2) Spellcasting
 - Level 11.1(6.9) Conjurations
 - Level 5.3(1.7) Translocations
 * Level 14.4(9.9) Fire Magic
 - Level 9.6(5.5) Invocations


You had 5 spell levels left.
You knew the following spells:

 Your Spells              Type           Power        Failure   Level  Hunger
a - Foxfire               Conj/Fire      ####         1%          1    None
b - Sticky Flame          Conj/Fire      ######..     8%          4    None
c - Fireball              Conj/Fire      ######....   21%         5    ####...
d - Blink                 Tloc           N/A          17%         2    None
e - Mephitic Cloud        Conj/Pois/Air  ####....     26%         3    None
f - Conjure Flame         Conj/Fire      ######..     2%          3    None
g - Starburst             Conj/Fire      ######....   71%         6    #####..
h - Lesser Beckoning      Tloc           ####......   32%         3    None
i - Iskenderun's Mystic   Conj/Tloc      #####...     36%         4    None
j - Regeneration          Chrm/Necr      ##........   54%         3    None
z - Summon Butterflies    Summ           ##......     24%         1    None

Your spell library contained the following spells:

 Spells                   Type           Power        Failure   Level  Hunger
 Magic Dart               Conj           ####         1%          1    None
 Searing Ray              Conj           ######       2%          2    None
 Inner Flame              Hex/Fire       ######..     9%          3    None
 Apportation              Tloc           ####..       12%         1    None
 Dazzling Flash           Conj/Hex       #####.       16%         3    None
 Stone Arrow              Conj/Erth      #####.       16%         3    None
 Ignite Poison            Fire/Tmut/Pois #####...     17%         3    None
 Beastly Appendage        Tmut           ##....       24%         1    None
 Confusing Touch          Hex            ##....       24%         1    None
 Corona                   Hex            ##.....      24%         1    None
 Freeze                   Ice            ##..         24%         1    None
 Infusion                 Chrm           ##..         24%         1    None
 Sandblast                Erth           ##....       24%         1    None
 Sting                    Tmut/Pois      ##..         24%         1    None
 Shroud of Golubria       Chrm/Tloc      ###...       26%         2    None
 Call Imp                 Summ           ##......     32%         2    None
 Ensorcelled Hibernation  Hex/Ice        ##....       32%         2    None
 Passwall                 Tmut/Erth      ##......     32%         2    None
 Slow                     Hex            ##......     32%         2    None
 Song of Slaying          Chrm           ##......     32%         2    None
 Sticks to Snakes         Tmut           ##......     32%         2    None
 Swiftness                Chrm/Air       ##......     32%         2    None
 Gell's Gravitas          Tloc           ####......   32%         3    None
 Portal Projectile        Hex/Tloc       ###...       43%         3    None
 Fulminant Prism          Conj/Hex       #####.....   45%         4    None
 Hailstorm                Conj/Ice       #####...     45%         4    None
 Bolt of Magma            Conj/Fire/Erth ######....   52%         5    ####...
 Confuse                  Hex            ##......     54%         3    None
 Ozocubu's Armour         Chrm/Ice       ##......     54%         3    None
 Spectral Weapon          Hex/Chrm       ##......     54%         3    None
 Spider Form              Tmut/Pois      ##........   54%         3    None
 Tukima's Dance           Hex            ##......     54%         3    None
 Passage of Golubria      Tloc           N/A          71%         4    None
 Irradiate                Conj/Tmut      #####.....   80%         5    ####...
 Iskenderun's Battlesphe  Conj/Chrm      #####...     80%         5    ####...
 Cause Fear               Hex            ##........   90%         4    None
 Ice Form                 Ice/Tmut       ##......     90%         4    None
 Leda's Liquefaction      Hex/Erth       ##........   90%         4    None
 Petrify                  Tmut/Erth      ##......     90%         4    None
 Summon Ice Beast         Ice/Summ       ##......     90%         4    None
 Alistair's Intoxication  Tmut/Pois      ##......     99%         5    ####...
 Blade Hands              Tmut           ##........   99%         5    ####...
 Lee's Rapid Deconstruct  Erth           ##........   99%         5    ####...
 Metabolic Englaciation   Hex/Ice        ##........   99%         5    ####...
 Yara's Violent Unravell  Hex/Tmut       ##........   99%         5    ####...
 Darkness                 Hex            ##........   100%        6    #####..
 Hydra Form               Tmut           ##........   100%        6    #####..
 Invisibility             Hex            ##......     100%        6    #####..
 Iron Shot                Conj/Erth      #####.....   100%        6    #####..
 Statue Form              Tmut/Erth      ##.......    100%        6    #####..
 Dragon Form              Tmut           ##........   100%        7    #######
 Orb of Destruction       Conj           ######....   100%        7    #######
 Ring of Flames           Chrm/Fire      ######....   100%        7    #######
 Spellforged Servitor     Conj/Summ      #####.....   100%        7    #######
 Chain Lightning          Conj/Air       #####.....   100%        8    #######
 Ignition                 Fire           #######...   100%        8    #######
 Lehudib's Crystal Spear  Conj/Erth      #####.....   100%        8    #######
 Fire Storm               Conj/Fire      ######....   100%        9    #######
 Glaciate                 Conj/Ice       #####.....   100%        9    #######
 Shatter                  Erth           ##........   100%        9    #######


Dungeon Overview and Level Annotations

Branches:
Dungeon (15/15)            Temple (1/1) D:7            Lair (6/6) D:8
  Swamp (4/4) Lair:4       Spider (4/4) Lair:4        Slime (0/5) Lair:6
    Orc (2/2) D:10            Elf (0/3) Orc:2        Vaults (4/5) D:13
  Crypt (0/3) Vaults:2     Depths (2/5) D:15        Volcano (visited)

Altars:
Ashenzari
Cheibriados
Dithmenos
Elyvilon
Fedhas
Gozag
Hepliaklqana
Kikubaaqudgha
Makhleb
Nemelex Xobeh
Okawaru
Qazlal
Ru
Sif Muna
Trog
Uskayaw
Vehumet
Wu Jian
Xom
Yredelemnul
Zin
The Shining One
Beogh

Shops:
D:8 !   D:12 ([=   Orc:2 [?==   Vaults:1 [*   Vaults:4 %   Depths:1 :

Portals:
Hell: Depths:1 Depths:2
Ziggurat: Depths:1

Annotations:
D:3 2 transporters, DavidChitty2's ghost, amateur GrFi
D:7 2 transporters
D:10 exclusion: door
D:14 2 transporters, floatRand's ghost, adept DsGl
Spider:3 2 transporters
Vaults:1 3 runed translucent doors, Awazaost's ghost, veteran MiBe; Jiem's ghost, veteran DsFi; Leehanui's ghost, adept OgFi


Innate Abilities, Weirdness & Mutations

You have claws for hands.
You are completely covered in iridescent scales. (AC +6)
Your flesh is cold resistant. (rC+)
You are significantly more attuned to the shadows.
You regenerate a lot of health from kills.
You are immune to freezing clouds.
You can translocate small distances at will.
Your flesh is heat resistant. (rF+)
[Scrolls take you a little longer to read.]
[You are weak. (Str -2)]


Message History

Cheibriados lowers the support of your attributes as your movement quickens.
The small abomination barely misses you.
The spatial maelstrom hits you! Space bends around you.
You block the spatial maelstrom's attack.
A starcursed mass splits.
The small abomination hits you but does no damage.
You fail to use your ability.
The sun demon hits you!
* * * LOW HITPOINT WARNING * * *
You are engulfed in flames.
You resist.
* * * LOW HITPOINT WARNING * * *
The spatial maelstrom hits you but does no damage. x2
A red devil comes into view. It is wielding a +0 trident.
The balrug gestures at you.
The bolt of fire hits the sun demon.
The sun demon completely resists.
The bolt of fire hits you! You resist.
* * * LOW HITPOINT WARNING * * *
A sun demon comes into view.
The wretched star glows turbulently.
The lance of force hits you!!
You die...

. . . . ####
..#. ..
#($?# .....
#[).)(##....
[3.[[.(#v...
[4[.[*vXX...
..2(X3@#....
#[/(.x##..∩.
##?(?X#.....
##### X. ..
# .. ..
Xw#... ... #
. #...# ..
.#


You could see 2 starcursed masses, a balrug, a spatial maelstrom, a wretched
star, 2 sun demons, a spatial vortex, 2 thrashing horrors, a red devil and a
small abomination.

Vanquished Creatures
  2 ancient liches
  Bai Suzhen (Swamp:4)
  Rupert (D:12)
  5 liches
  A sphinx (Vaults:4)
  4 tentacled starspawn
  Roxanne (D:15)
  A thorn hunter (Swamp:4)
  Kirke (Lair:4)
  A tengu reaver (Vaults:2)
  A fire giant (Depths:2)
  Donald (Spider:1)
  4 ghost moths
  11 vault wardens
  Aizul (Vaults:1)
  Louise (D:15)
  9 ironheart preservers
  6 emperor scorpions
  6 stone giants
  5 very ugly things
  A war gargoyle (Vaults:1)
  4 entropy weavers
  A lorocyproca (Abyss:3)
  Azrael (D:15)
  Nessos (Orc:2)
  2 deep elf annihilators (Depths:1)
  An eidolon (Abyss:3)
  Snorg (Lair:4)
  A blizzard demon (Abyss:3)
  A green death (Abyss:4)
  3 crystal guardians
  3 fire dragons
  2 ettins
  Josephine (D:15)
  8 yaktaur captains
  A great orb of eyes (Vaults:1)
  9 vault guards
  Fannar (Lair:1)
  An ice dragon (shapeshifter) (Abyss:4)
  4 rakshasas
  21 hydras
  A naga warrior (Abyss:3)
  2 shambling mangroves
  2 ghost crabs
  15 ogre magi
  5 catoblepae
  3 death knights
  11 death yaks
  3 centaur warriors
  2 deep troll shamans
  9 alligators
  2 tengu warriors (Depths:1)
  55 two-headed ogres
  5 deep troll earth magi
  A hell knight (Vaults:3)
  9 thrashing horrors
  An orc high priest (Orc:2)
  6 wretched stars
  2 spriggan berserkers (Swamp:4)
  A deep elf knight (Vaults:4)
  3 shadow wraiths
  2 sixfirhies
  7 skeletal warriors
  5 spriggan druids
  A spatial maelstrom (Abyss:3)
  3 flayed ghosts
  12 deep trolls
  11 unseen horrors
  4 wizards
  A death drake (shapeshifter) (Depths:1)
  2 deep elf archers
  A glowing orange brain (Vaults:1)
  13 swamp dragons
  3 necromancers
  A mana viper (shapeshifter) (D:15)
  4 harpies
  2 phantasmal warriors (Vaults:2)
  4 orc knights
  3 orc sorcerers
  A wolf spider zombie (D:13)
  29 wolf spiders
  14 ironbrand convokers
  7 cyclopes
  14 orb spiders
  A frost giant zombie (Depths:1)
  5 deep elf magi
  A moth of wrath (shapeshifter) (Abyss:4)
  3 oklob plants (Lair:1)
  7 manticores
  35 ugly things
  An iron dragon skeleton (Depths:1)
  A sphinx skeleton (Depths:1)
  A moth of wrath (Spider:4)
  A stone giant skeleton (Depths:1)
  Maurice (D:12)
  An apocalypse crab (Abyss:3)
  A guardian serpent (Abyss:3)
  10 large abominations
  A toenail golem (Volcano)
  9 vault sentinels
  A worldbinder (Abyss:3)
  A naga mage (D:15)
  An elephant (shapeshifter) (Vaults:4)
  8 elephants
  A centaur zombie (D:15)
  5 black mambas
  An ice statue (Spider:4)
  4 smoke demons
  17 spiny frogs
  5 spectral swamp worms (Depths:1)
  3 molten gargoyles (Volcano)
  5 torpor snails
  8 efreet
  2 tormentors (Abyss:3)
  11 komodo dragons
  3 kobold demonologists
  29 yaktaurs
  A rime drake (Lair:4)
  5 freezing wraiths
  21 demonic crawlers
  17 jumping spiders
  A silent spectre (Abyss:4)
  3 tengu conjurers (Depths:1)
  A troll (shapeshifter) (Vaults:3)
  11 tyrant leeches
  3 ancient zymes
  11 trolls
  A polar bear (Lair:4)
  9 hippogriffs
  A queen bee (shapeshifter) (Vaults:1)
  15 hornets
  20 blink frogs
  12 bog bodies
  19 raiju
  37 slime creatures
  5 dream sheep (Lair:6)
  A meliai zombie (D:13)
  Prince Ribbit (D:9)
  2 spriggan skeletons (Depths:1)
  6 spriggans
  6 wraiths
  A redback (shapeshifter) (Abyss:3)
  5 ynoxinuls
  12 small abominations
  4 shadows
  26 tarantellas
  6 fire elementals
  2 wyverns
  75 redbacks
  3 fire bats (Orc:1)
  A yak (shapeshifter) (Abyss:4)
  2 humans
  2 water elementals
  49 yaks
  2 hogs
  3 chaos spawn
  A hungry ghost (D:13)
  A basilisk (D:13)
  2 neqoxecs
  A spatial vortex (Abyss:3)
  2 nagas (Abyss:3)
  14 swamp worms
  19 vampire mosquitoes
  A spriggan simulacrum (Depths:1)
  3 wargs
  4 water moccasins
  6 insubstantial wisps (Swamp:4)
  A soldier ant (D:11)
  7 porcupines
  2 hell hounds (D:15)
  16 orc warriors
  An eye of draining (shapeshifter) (Depths:1)
  2 hornet zombies
  An ettin simulacrum (Vaults:1)
  7 swamp drakes
  An ice beast (D:5)
  5 sky beasts
  2 black bears
  A black bear (shapeshifter) (Vaults:4)
  2 eyes of draining
  55 ogres
  3 phantoms
  A necrophage (D:8)
  15 crocodiles
  5 wolves (Lair:4)
  9 centaurs
  3 big kobolds
  17 bullfrogs
  A wyvern zombie (D:14)
  2 earth elementals (Volcano)
  A wyvern skeleton (D:10)
  2 scorpions
  6 killer bees (D:12)
  4 howler monkeys
  2 vampire bats (Lair:2)
  4 wights (D:12)
  6 electric eels
  8 crimson imps
  32 starcursed masses
  5 hounds
  A quasit (D:9)
  3 jellies
  17 orc wizards
  17 orc priests
  2 bullfrog skeletons
  A bullfrog zombie (D:12)
  2 iron imps (Abyss:3)
  5 centaur skeletons
  4 iguanas
  9 worker ants
  A hound zombie (D:7)
  A hound skeleton (D:4)
  2 worker ant zombies
  4 gnolls (Orc:1)
  12 adders
  2 shadow imps (D:13)
  2 white imps
  4 ufetubi (Abyss:3)
  An adder skeleton (D:5)
  4 worms
  3 dart slugs
  4 leopard geckos
  74 orcs
  3 giant cockroaches
  5 goblins
  5 hobgoblins
  3 jackals (D:3)
  16 kobolds
  6 quokkas
  4 ball pythons
  12 bats
  3 frilled lizards (D:1)
  A leopard gecko zombie (D:6)
  A quokka skeleton (D:6)
  10 rats
  3 lurking horrors
  7 plants (Lair:4)
  2 starspawn tentacles (Abyss:3)
1538 creatures vanquished.

Vanquished Creatures (collateral kills)
  A black bear (Lair:5)
1 creature vanquished.

Vanquished Creatures (others)
  A fire giant (Vaults:4)
  A stone giant (Vaults:2)
  2 yaktaur captains
  A centaur warrior (Vaults:3)
  A deep elf knight (Vaults:4)
  A shadow wraith (Vaults:4)
  A large abomination (Abyss:3)
  A wolf spider zombie (D:15)
  A cyclops (Vaults:2)
  8 yaktaurs
  A slime creature (D:15)
  A chaos spawn (Abyss:4)
  A human (Spider:1)
  A swamp worm (Swamp:1)
  A swamp drake (Swamp:4)
  A small abomination (Abyss:4)
  An orc wizard (Orc:2)
  A fire vortex (Volcano)
  912 foxfires
  19 fungi
  2 lurking horrors (Abyss:3)
  9 plants
  11 starspawn tentacles
979 creatures vanquished.

Grand Total: 2518 creatures vanquished

Notes
Turn   | Place    | Note
-------+----------+-------------------------------------------
     0 | D:1      | night the Demonspawn Fire Elementalist began the quest for
                  | the Orb.
     0 | D:1      | Reached XP level 1. HP: 13/13 MP: 3/3
   212 | D:1      | Gained mutation: You are slightly more attuned to the
                  | shadows. [demonic ancestry]
   212 | D:1      | Reached XP level 2. HP: 19/19 MP: 1/5
  1092 | D:2      | Found a glowing golden altar of the Shining One.
  1371 | D:2      | Gained mutation: You regenerate a little health from kills.
                  | [demonic ancestry]
  1371 | D:2      | Reached XP level 3. HP: 20/24 MP: 1/6
  1421 | D:2      | Noticed a sky beast
  1534 | D:2      | Killed a sky beast
  1534 | D:2      | Gained mutation: You have sharp fingernails. [demonic
                  | ancestry]
  1534 | D:2      | Reached XP level 4. HP: 27/30 MP: 3/8
  1891 | D:2      | Found a shadowy altar of Dithmenos.
  1935 | D:2      | Gained mutation: You are partially covered in iridescent
                  | scales. (AC +2) [demonic ancestry]
  1935 | D:2      | Reached XP level 5. HP: 32/35 MP: 5/9
  2133 | D:3      | Found a transporter.
  2138 | D:3      | Found a transporter.
  2138 | D:3      | Noticed DavidChitty2's ghost (amateur GrFi)
  2256 | D:3      | Noticed a phantom
  2702 | D:3      | Learned a level 3 spell: Mephitic Cloud
  2705 | D:3      | Learned a level 2 spell: Blink
  3522 | D:3      | Found a blossoming altar of Fedhas.
  3599 | D:3      | Found a burning altar of Makhleb.
  3608 | D:3      | Reached XP level 6. HP: 41/41 MP: 7/11
  3937 | D:4      | Found a shattered altar of Ashenzari.
  3939 | D:4      | Found a shimmering blue altar of Sif Muna.
  3951 | D:4      | Got a faintly glowing spear
  3952 | D:4      | Identified the +7 spear "Umumoh" {pierce, rF++} (You found
                  | it on level 4 of the Dungeon)
  4042 | D:4      | Found a sparkling altar of Nemelex Xobeh.
  4503 | D:4      | Found a radiant altar of Vehumet.
  4546 | D:4      | Found an ornate altar of the Wu Jian Council.
  4777 | D:4      | Learned a level 5 spell: Fireball
  4846 | D:4      | Found an iron altar of Okawaru.
  4962 | D:5      | Entered Level 5 of the Dungeon
  5031 | D:5      | Gained mutation: You regenerate health from kills. [demonic
                  | ancestry]
  5031 | D:5      | Reached XP level 7. HP: 46/46 MP: 10/13
  5586 | D:6      | Reached skill level 5 in Fire Magic
  5607 | D:6      | Found a hazy altar of Hepliaklqana.
  5663 | D:6      | Learned a level 4 spell: Sticky Flame
  5869 | D:6      | Reached skill level 5 in Conjurations
  5939 | D:6      | Reached skill level 5 in Spellcasting
  5974 | D:6      | Got a shimmering helmet
  5985 | D:6      | Identified the cursed +0 helmet of Sedammie {*Corrode
                  | *Drain rElec Str+10 Dex+2} (You found it on level 6 of the
                  | Dungeon)
  6060 | D:6      | Reached XP level 8. HP: 13/52 MP: 11/15
  6876 | D:7      | Found a staircase to the Ecumenical Temple.
  6902 | Temple   | Entered the Ecumenical Temple
  6993 | Temple   | Became a worshipper of Cheibriados the Contemplative
  7033 | D:7      | Found a transporter.
  7036 | D:7      | Found a transporter.
  7040 | D:7      | Noticed a hornet
  7861 | D:8      | Found a staircase to the Lair.
  7988 | D:8      | Got a pair of scorched boots
  7994 | D:8      | Identified the +2 pair of boots of Awe {Str+4 Dex+2} (You
                  | found it on level 8 of the Dungeon)
  8299 | D:8      | Found Jikkoerr's Distillery.
  8303 | D:8      | Bought a potion of heal wounds for 75 gold pieces
  8468 | D:8      | Found an ancient bone altar of Kikubaaqudgha.
  8519 | D:9      | Reached * piety under Cheibriados
  8601 | D:9      | Gained mutation: You have very sharp fingernails. [demonic
                  | ancestry]
  8601 | D:9      | Reached XP level 9. HP: 57/57 MP: 18/18
  8945 | D:9      | Noticed Prince Ribbit
  8951 | D:9      | Killed Prince Ribbit
  9363 | D:10     | Entered Level 10 of the Dungeon
  9630 | D:10     | Reached ** piety under Cheibriados
  9795 | D:10     | Found a staircase to the Orcish Mines.
  9839 | D:10     | Noticed a troll
  9874 | D:10     | Killed a troll
 10134 | D:10     | Noticed an eight-headed hydra
 10193 | D:10     | Gained mutation: You are mostly covered in iridescent
                  | scales. (AC +4) [demonic ancestry]
 10193 | D:10     | Reached XP level 10. HP: 63/63 MP: 18/21
 10391 | D:10     | Killed an eight-headed hydra
 11074 | D:10     | Found a roughly hewn altar of Beogh.
 11525 | Lair:1   | Entered Level 1 of the Lair of Beasts
 11538 | Lair:1   | Noticed Fannar
 11543 | Lair:1   | Killed Fannar
 11543 | Lair:1   | Reached skill level 1 in Fighting
 11543 | Lair:1   | Reached skill level 1 in Unarmed Combat
 11556 | Lair:1   | Noticed a spiny frog
 11572 | Lair:1   | Killed a spiny frog
 11869 | Lair:1   | Noticed a four-headed hydra
 11870 | Lair:1   | Noticed an oklob plant
 12151 | Lair:1   | Reached *** piety under Cheibriados
 12216 | Lair:1   | Reached skill level 2 in Unarmed Combat
 12251 | Lair:1   | Noticed a spiny frog
 12259 | Lair:1   | Killed a spiny frog
 12332 | Lair:1   | Noticed a spiny frog
 12342 | Lair:1   | Killed a spiny frog
 12342 | Lair:1   | Gained mutation: You are significantly more attuned to the
                  | shadows. [demonic ancestry]
 12342 | Lair:1   | Reached XP level 11. HP: 20/74 MP: 8/24
 12535 | Lair:1   | Killed a four-headed hydra
 12784 | Lair:1   | Reached skill level 3 in Unarmed Combat
 13468 | Lair:1   | Learned a level 3 spell: Conjure Flame
 13838 | Lair:1   | Killed an oklob plant
 13838 | Lair:1   | Killed an oklob plant
 13839 | Lair:1   | Noticed an oklob plant
 13972 | Lair:1   | Killed an oklob plant
 13972 | Lair:1   | Reached skill level 4 in Unarmed Combat
 14246 | Lair:2   | Reached skill level 5 in Fighting
 14591 | Lair:2   | Reached skill level 5 in Unarmed Combat
 14639 | Lair:2   | Reached **** piety under Cheibriados
 15618 | Lair:3   | Reached skill level 6 in Unarmed Combat
 15782 | Lair:3   | Noticed a four-headed hydra
 15791 | Lair:3   | Killed a four-headed hydra
 16171 | Lair:3   | Found the +3 giant club "Skullcrusher" {speed, Str+7}
 16632 | Lair:4   | Noticed Snorg
 16642 | Lair:4   | Killed Snorg
 16642 | Lair:4   | Reached skill level 7 in Unarmed Combat
 16642 | Lair:4   | Reached XP level 12. HP: 79/91 MP: 2/25
 16813 | Lair:4   | Found a staircase to the Swamp.
 17134 | Lair:4   | Found a hole to the Spider Nest.
 17434 | Lair:4   | Reached skill level 8 in Unarmed Combat
 17441 | Lair:4   | Noticed a death yak
 17456 | Lair:4   | Killed a death yak
 17456 | Lair:4   | Reached ***** piety under Cheibriados
 18466 | Lair:5   | Noticed an eight-headed hydra
 18648 | Lair:5   | Reached skill level 9 in Unarmed Combat
 18759 | Lair:5   | Learned a level 3 spell: Lesser Beckoning
 18761 | Lair:5   | Learned a level 1 spell: Summon Butterflies
 18837 | Lair:5   | Reached skill level 1 in Translocations
 18877 | Lair:5   | Noticed a six-headed hydra
 18881 | Lair:5   | Noticed a catoblepas
 18890 | Lair:5   | Killed a six-headed hydra
 18906 | Lair:5   | Killed a catoblepas
 18962 | Lair:5   | Noticed a catoblepas
 19214 | Lair:5   | Killed an eight-headed hydra
 19264 | Lair:5   | Reached skill level 10 in Unarmed Combat
 19295 | Lair:5   | Killed a catoblepas
 19495 | Lair:5   | Gained mutation: You have claws for hands. [demonic
                  | ancestry]
 19495 | Lair:5   | Reached XP level 13. HP: 83/101 MP: 26/26
 20135 | Lair:6   | Entered Level 6 of the Lair of Beasts
 20566 | Lair:6   | Found a staircase to the Slime Pits.
 20638 | Lair:6   | Reached skill level 1 in Armour
 21211 | Lair:6   | Reached skill level 11 in Unarmed Combat
 21474 | Lair:6   | Reached ****** piety under Cheibriados
 22436 | Lair:6   | Reached skill level 10 in Fighting
 22567 | Lair:6   | Reached XP level 14. HP: 98/110 MP: 10/27
 23020 | D:11     | Reached skill level 1 in Invocations
 23772 | D:11     | Identified Rololem's Guide on Transformation
 24200 | D:12     | Reached skill level 5 in Invocations
 24421 | D:12     | Noticed Rupert
 24571 | D:12     | Killed Rupert
 24840 | D:12     | Found Eggej's Antique Armour Shop.
 24860 | D:12     | Noticed Maurice
 24867 | D:12     | Killed Maurice
 24876 | D:12     | Bought a glowing cloak for 247 gold pieces
 24999 | D:12     | Found Narch's Weapon Emporium.
 25017 | D:12     | Found Sazoz's Jewellery Shop.
 25020 | D:12     | Bought an uncursed amulet of magic regeneration for 480
                  | gold pieces
 25515 | D:13     | Found a gate to the Vaults.
 26506 | D:14     | Found a transporter.
 26508 | D:14     | Found a transporter.
 26509 | D:14     | Noticed floatRand's ghost (adept DsGl)
 26531 | D:14     | Got a dazzling trident
 26532 | D:14     | Identified the +5 trident of Domination {venom, +Inv Str+4}
                  | (You found it on level 14 of the Dungeon)
 26989 | D:14     | Reached skill level 12 in Unarmed Combat
 27565 | D:15     | Entered Level 15 of the Dungeon
 27658 | D:15     | Reached skill level 10 in Conjurations
 27688 | D:15     | Noticed Azrael
 27692 | D:15     | Noticed Louise
 27942 | D:15     | Killed Azrael
 28156 | D:15     | Gained mutation: [Scrolls take you a little longer to
                  | read.] [a neqoxec]
 28197 | D:15     | Lost mutation: [Scrolls take you a little longer to read.]
                  | [potion of mutation]
 28197 | D:15     | Gained mutation: [Scrolls take you a little longer to
                  | read.] [potion of mutation]
 28197 | D:15     | Gained mutation: Your spells are a little harder to cast,
                  | but a little more powerful. [potion of mutation]
 28197 | D:15     | Gained mutation: You expend magic power (3 MP) to
                  | strengthen your wands. [potion of mutation]
 28198 | D:15     | Lost mutation: Your spells are a little harder to cast, but
                  | a little more powerful. [potion of mutation]
 28198 | D:15     | Lost mutation: [Scrolls take you a little longer to read.]
                  | [potion of mutation]
 28198 | D:15     | Lost mutation: You expend magic power (3 MP) to strengthen
                  | your wands. [potion of mutation]
 28198 | D:15     | Gained mutation: You can translocate small distances at
                  | will. [potion of mutation]
 28198 | D:15     | Gained mutation: Your flesh is heat resistant. (rF+)
                  | [potion of mutation]
 28198 | D:15     | Gained mutation: You are completely covered in iridescent
                  | scales. (AC +6) [potion of mutation]
 28213 | D:15     | Got a spiked cloak
 28237 | D:15     | Identified the +0 cloak "Aceofef" {Regen+ Dex+4} (You found
                  | it on level 15 of the Dungeon)
 28310 | D:15     | Gained mutation: Your flesh is cold resistant. (rC+)
                  | [demonic ancestry]
 28310 | D:15     | Reached XP level 15. HP: 109/120 MP: 28/28
 28317 | D:15     | Noticed Josephine
 28324 | D:15     | Killed Louise
 28330 | D:15     | Killed Josephine
 28689 | D:15     | Found a staircase to the Depths.
 28777 | D:15     | Reached skill level 10 in Fire Magic
 28834 | D:15     | Identified Roxanne's Papyrus of Shape Shifting
 28834 | D:15     | Noticed Roxanne
 28921 | D:15     | Killed Roxanne
 29502 | Orc:1    | Entered Level 1 of the Orcish Mines
 29577 | Orc:1    | Found a dark tunnel.
 29585 | Volcano  | Entered a volcano
 29913 | Volcano  | Got an ichor-stained chain mail
 30023 | Orc:1    | Identified the +8 chain mail of Xikoh {Dex+4} (You found it
                  | in a volcano)
 30086 | Orc:1    | Reached skill level 13 in Unarmed Combat
 30201 | Orc:1    | Reached skill level 10 in Spellcasting
 30499 | Orc:2    | Entered Level 2 of the Orcish Mines
 30562 | Orc:1    | HP: 6/120 [two-headed ogre/+0 giant club (14)]
 30987 | Orc:2    | Noticed Nessos
 30994 | Orc:2    | Killed Nessos
 31244 | Orc:2    | Found a roughly hewn altar of Beogh.
 31321 | Orc:2    | Found a staircase to the Elven Halls.
 31843 | Orc:2    | Found Pelimp's Antique Armour Emporium.
 31843 | Orc:2    | Found Luivuoj's Jewellery Shop.
 31844 | Orc:2    | Found Zuohauth's Magic Scroll Shop.
 31844 | Orc:2    | Found Unoewaid's Jewellery Shoppe.
 31958 | Orc:2    | Bought a crude scale mail for 225 gold pieces
 31968 | Orc:2    | Identified the +3 scale mail of Fedhas's Favour {rF+++
                  | Int-4 SInv Stlth-} (You bought it in a shop on level 2 of
                  | the Orcish Mines)
 32280 | Spider:1 | Entered Level 1 of the Spider Nest
 32309 | Spider:1 | Reached XP level 16. HP: 79/129 MP: 30/30
 32361 | Spider:1 | Noticed Kirke
 32429 | Lair:4   | Killed Kirke
 32819 | Lair:4   | Learned a level 4 spell: Iskenderun's Mystic Blast
 33395 | Spider:1 | Noticed Donald
 33402 | Spider:1 | Reached skill level 5 in Translocations
 33409 | Spider:1 | Killed Donald
 33409 | Spider:1 | Reached skill level 14 in Unarmed Combat
 33512 | Spider:1 | Reached skill level 1 in Shields
 34095 | Spider:1 | HP: 5/129 [wolf spider (13)]
 35035 | Spider:2 | Reached skill level 5 in Shields
 35609 | Spider:3 | Found a transporter.
 35764 | Spider:3 | Found a transporter.
 36575 | Spider:4 | Entered Level 4 of the Spider Nest
 37961 | Spider:4 | Gained mutation: You are immune to freezing clouds.
                  | [demonic ancestry]
 37961 | Spider:4 | Reached XP level 17. HP: 112/135 MP: 31/31
 37976 | Spider:4 | Reached skill level 10 in Shields
 38784 | Spider:4 | Got a gossamer rune of Zot
 38950 | Swamp:1  | Entered Level 1 of the Swamp
 39391 | Swamp:1  | Reached skill level 5 in Armour
 40030 | Swamp:2  | Identified the Almanac of Earth and Ice
 41793 | Swamp:4  | Entered Level 4 of the Swamp
 41946 | Swamp:4  | Noticed Bai Suzhen
 41965 | Swamp:4  | Killed Bai Suzhen
 42187 | Swamp:4  | Reached XP level 18. HP: 131/144 MP: 17/32
 43095 | Swamp:4  | Got a decaying rune of Zot
 43612 | Vaults:1 | Entered Level 1 of the Vaults
 43713 | Vaults:1 | Reached skill level 15 in Unarmed Combat
 43727 | Vaults:1 | Noticed Aizul
 43734 | Vaults:1 | Killed Aizul
 43940 | Vaults:1 | Found a runed translucent gate.
 43940 | Vaults:1 | Found a runed translucent gate.
 43940 | Vaults:1 | Found a runed translucent gate.
 43941 | Vaults:1 | Found an ancient bone altar of Kikubaaqudgha.
 43941 | Vaults:1 | Noticed a lich
 43941 | Vaults:1 | Noticed an ancient lich
 43941 | Vaults:1 | Noticed Awazaost's ghost (veteran MiBe)
 43941 | Vaults:1 | Noticed Leehanui's ghost (adept OgFi)
 43941 | Vaults:1 | Noticed Jiem's ghost (veteran DsFi)
 44275 | Vaults:1 | Killed an ancient lich
 44620 | Vaults:1 | Found Qaufa's Armour Shop.
 44729 | Vaults:1 | Found Naedduck's General Store.
 44848 | Vaults:1 | Got a bloodstained long sword
 44849 | Vaults:1 | Identified the cursed +1 long sword of Bread {flame, -Tele
                  | rF+++ Str+4 Int-2} (You found it on level 1 of the Vaults)
 45532 | Vaults:2 | Reached XP level 19. HP: 153/153 MP: 33/33
 45757 | Vaults:2 | Noticed a lich
 45765 | Vaults:2 | Killed a lich
 46196 | Vaults:2 | Found a staircase to the Crypt.
 46616 | Vaults:3 | Found a flickering gateway to a bazaar.
 46639 | Bazaar   | Entered a bazaar
 46648 | Bazaar   | Found Pabatt's Book Shop.
 46662 | Bazaar   | Found Heogovob's Food Boutique.
 46691 | Bazaar   | Found Jeasamm's Food Boutique.
 46706 | Bazaar   | Found Xasypnan's Distillery.
 46720 | Bazaar   | Found Boavuall's Food Boutique.
 46841 | Bazaar   | Bought a book of Fire for 780 gold pieces
 46841 | Bazaar   | Bought a book of Misfortune for 240 gold pieces
 46891 | Bazaar   | Bought a potion of curing for 27 gold pieces
 46891 | Bazaar   | Bought a potion of curing for 27 gold pieces
 46891 | Bazaar   | Bought a potion of curing for 27 gold pieces
 46891 | Bazaar   | Bought a potion of heal wounds for 45 gold pieces
 46891 | Bazaar   | Bought a potion of curing for 27 gold pieces
 46891 | Bazaar   | Bought a potion of lignification for 27 gold pieces
 46891 | Bazaar   | Bought a potion of lignification for 27 gold pieces
 46891 | Bazaar   | Bought a potion of lignification for 27 gold pieces
 47005 | Bazaar   | Bought a ration for 30 gold pieces
 47005 | Bazaar   | Bought a ration for 30 gold pieces
 47005 | Bazaar   | Bought a ration for 30 gold pieces
 47005 | Bazaar   | Bought a ration for 30 gold pieces
 47005 | Bazaar   | Bought a ration for 30 gold pieces
 47005 | Bazaar   | Bought a ration for 30 gold pieces
 47005 | Bazaar   | Bought a ration for 30 gold pieces
 47149 | Vaults:3 | Learned a level 6 spell: Starburst
 48256 | Vaults:3 | Upgraded the game from 0.25-a0-258-g6d7e32a812 to
                  | 0.25-a0-265-g7af84ae0ac
 48619 | Vaults:3 | Reached skill level 15 in Fighting
 48635 | Vaults:3 | Reached skill level 16 in Unarmed Combat
 49964 | Vaults:4 | HP: 6/155 [vault guard/+2 battleaxe[a vault warden] (8)]
 50382 | Vaults:4 | Reached skill level 10 in Armour
 50752 | Vaults:4 | Paralysed by a hornet for 2 turns
 51019 | Vaults:4 | Reached XP level 20. HP: 157/162 MP: 34/34
 51515 | Vaults:4 | Found Burifry's Food Shop.
 51728 | Vaults:4 | Identified a scroll of acquirement
 52212 | Depths:1 | Entered Level 1 of the Depths
 52835 | Depths:1 | Reached skill level 15 in Shields
 52926 | Depths:1 | Found Cimouv's Book Boutique.
 52977 | Depths:1 | Noticed an ancient lich
 53008 | Depths:1 | Found a gateway to Hell.
 53069 | Depths:1 | Found a gateway to a ziggurat.
 53364 | Depths:1 | Found a runed translucent door.
 53367 | Depths:1 | Noticed an ancient lich
 53368 | Depths:1 | Found a radiant altar of Vehumet.
 53401 | Depths:1 | Killed an ancient lich
 53741 | Depths:1 | Identified the Volume of the Postmodern Lies
 54127 | Depths:2 | Noticed a golden dragon
 54131 | Depths:2 | Cast into level 3 of the Abyss (vampire knight)
 54212 | Abyss:3  | Found a corrupted altar of Lugonu.
 54293 | Abyss:3  | Gained mutation: You regenerate a lot of health from kills.
                  | [demonic ancestry]
 54293 | Abyss:3  | Reached XP level 21. HP: 146/171 MP: 35/35
 54396 | Abyss:3  | Paralysed by accursed screaming for 1 turns
 54432 | Abyss:3  | Found a corrupted altar of Lugonu.
 54465 | Abyss:3  | Identified the cursed +1 robe "Xyxtezec" {Slay+2}
 54620 | Abyss:3  | Learned a level 3 spell: Regeneration
 55007 | Abyss:3  | Paralysed by accursed screaming for 1 turns
 55013 | Abyss:3  | Reached skill level 17 in Unarmed Combat
 55171 | Abyss:3  | Noticed a profane servitor
 55202 | Abyss:4  | Found a corrupted altar of Lugonu.
 55219 | Abyss:4  | Got an abyssal rune of Zot
 55256 | Abyss:4  | Found a blossoming altar of Fedhas.
 55336 | Abyss:4  | Found a blossoming altar of Fedhas.
 55378 | Abyss:4  | Gained mutation: You tend to lose your temper in combat. [a
                  | neqoxec]
 55381 | Abyss:4  | Lost mutation: You tend to lose your temper in combat. [a
                  | neqoxec]
 55494 | Abyss:4  | Paralysed by accursed screaming for 1 turns
 55515 | Abyss:4  | Killed from afar by a wretched star

Levels and vault maps discovered:
D:1:      co_arrival_random_square_maze, layout_basic
D:2:      layout_loops_corners, lemuel_doored_altar,
          nicolae_overflow_crystal_walls, minmay_misc_feat_iff
D:3:      wander_river, layout_loops_corners, marbit_many_paths,
          makhleb_blood_cavern_becter, gammafunk_ghost_mausoleum, first_ration
D:4:      cheibrodos_quashed, layout_rooms, lemuel_crystal_altar,
          kennysheep_little_box, minitemple, old_standard_altar,
          lemuel_round_altar
D:5:      layout_basic, dk_vineyard_2
D:6:      layout_loops_ring, lemuel_crystal_altar
D:7:      layout_rooms, minmay_temple_entry_stoned_glass, gammafunk_ghost_hive
D:8:      layout_loops_ring, nicolae_overflow_hidden_temple, lair_entry_dummy,
          serial_shops, nicolae_shop_trees
D:9:      layout_loops_ring, uniq_prince_ribbit1
D:10:     layout_stronghold, minmay_orc_entry_temple_small
D:11:     layout_basic
D:12:     layout_cave_pods, serial_shops, nicolae_shop_behind_doors,
          nicolae_shop_trees, kennysheep_mini, uniq_maurice, uniq_rupert
D:13:     layout_loops_ring, david_vaults_2
D:14:     layout_basic, gammafunk_ghost_hive, minmay_misc_feat_encased,
          grunt_livestock
D:15:     hangedman_depths_entry_try_elsewhere_first, layout_rooms,
          corexii_corridor_pit, uniq_azrael, uniq_josephine, uniq_louise,
          uniq_roxanne
Temple:   eino_wide_crystal_templ
Lair:1:   layout_regular_city, minmay_lair_oklob_chamber, grunt_megastairs_2,
          serial_bayou_shore_b, infiniplex_staircase_pool, lemuel_fruit_tree,
          uniq_fannar
Lair:2:   layout_regular_city, roderic_batcave
Lair:3:   layout_regular_city
Lair:4:   wad_woods_structure_01, layout_misc_corridors,
          minmay_swamp_entry_eels, spider_nest_entry_a, uniq_snorg
Lair:5:   layout_regular_city, minivault_27
Lair:6:   evilmike_catoblepas_cave, layout_gridlike, minmay_slime_entry_pillars,
          st_stairs_12, chequers_serial_rivers_small_a,
          nicolae_quartered_pool_medium, lemuel_another_geyser
Swamp:1:  layout_basic_swamp, evilmike_swamp_ruin_house_4, swamp_pool2,
          nicolae_swamp_orc_logging_accident
Swamp:2:  layout_basic_swamp, serial_swamp_ruin, evilmike_swamp_ruin_rubble_2,
          evilmike_swamp_ruin_wall
Swamp:3:  layout_basic_swamp, nicolae_swamp_feature_on_the_river_bank
Swamp:4:  swamp_basic_johnstein, layout_basic_swamp, swamp_pool5,
          uniq_bai_suzhen
Spider:1: layout_spider_delve, uniq_donald, uniq_kirke
Spider:2: layout_spider_delve
Spider:3: gammafunk_the_bubble [the_bubble_gammafunk_plus_minus],
          spiders_nest_the_unseen
Spider:4: guppyfry_spider_rune, portal_ice_cave_entry_ice_statue_one, drop_trap,
          spiders_nest_spider_trap
Orc:1:    layout_diamond_mine, nicolae_volcano_entry_batcave
Orc:2:    st_orc_ogre_mass, layout_caves, basic_altar, uniq_nessos
Vaults:1: gammafunk_vaults_ghost_crypt, nicolae_vaults_little_squares_4,
          v_misc_25, vaults_room_octagon, vaults_standard_mumra_lines,
          hangedman_vaults_stagger, v_pattern_5, vaults_room_semicircle,
          dpeg_vaults_monster_box, v_misc_30, layout_vaults_maze_snakey,
          serial_shops, nicolae_shop_statue_plus, uniq_aizul
Vaults:2: v_alt_pattern_6, hangedman_vaults_stretched_pinwheel,
          st_smaller_cells, v_misc_30, nicolae_vaults_shelves_hall,
          nicolae_vaults_mini_display_case, layout_vaults_big_room
Vaults:3: st_quartered_hall, ontoclasm_vaults_chip,
          nicolae_vaults_little_squares_6, nicolae_vaults_little_squares_4,
          v_misc_12, ontoclasm_vaults_ring_square, layout_vaults_quadrants,
          serial_shops, bzr_in_the_mist
Vaults:4: nicolae_vaults_minivaults, v_misc_19, nicolae_vaults_rhombus_7,
          vaults_room_grunt_arrival_checkpoint,
          nicolae_vaults_ring_of_whatevers, vaults_dpeg_spiral,
          nicolae_vaults_network_barrier, hangedman_vaults_impose,
          nicolae_vaults_ring_of_whatevers, v_misc_29, layout_vaults_ring,
          serial_shops, shop
Depths:1: layout_gridville, enter_ziggurat_c, pf_hell_entry_tar_river,
          serial_shops, shop, chequers_serial_rivers_micro_c,
          nicolae_lava_and_water, columned_hall_lemuel, minmay_variable_closet,
          grunt_absolute_annihilation
Depths:2: minmay_the_grid_octo_tiled_squarecenter_mashed
          [minmay_the_grid_octo_77, minmay_the_grid_octo_concentric,
          minmay_the_grid_octo_thin_diamonds, minmay_the_grid_octo_toaster,
          minmay_the_grid_square_5x5_megaprize_diamond,
          minmay_the_grid_square_5x5_two_walls_b,
          minmay_the_grid_square_5x5_bracketed,
          minmay_the_grid_square_5x5_two_small,
          minmay_the_grid_square_5x5_almost_minimal], layout_long_grid,
          abyss_entry_small_statue_room, pan_entry, minmay_staircase_statues,
          hell_entry, firewood_loft
Abyss:4:  base: D:3, evilmike_abyss_exit_3,
          hangedman_grunt_abyss_rune_horror_hoard, lemuel_flamethrower_2

Skill      XL: |  1  2  3  4  5  6  7  8  9 10 11 12 13 14 15 16 17 18 19 20 21 |
---------------+----------------------------------------------------------------+-----
Fire Magic     | 3 4 5 6 8 9 10 11 13 14 | 14.4
Conjurations   | 2 3 4 5 6 8 9 10 11 | 11.1
Spellcasting   | 3 4 5 6 7 9 10 | 10.3
Fighting       | 2 7 9 10 11 12 13 14 15 16 | 16.6
Unarmed Combat | 2 7 10 11 12 13 14 15 16 17 | 17.2
Translocations | 3 4 5 |  5.3
Dodging        | 4 |  4.4
Armour         | 3 4 6 8 10 | 10.0
Invocations    | 9 |  9.6
Shields        | 9 11 13 14 15 | 15.0
Stealth        | |  1.7

Action                   |  1- 3 |  4- 6 |  7- 9 | 10-12 | 13-15 | 16-18 | 19-21 || total
-------------------------+-------+-------+-------+-------+-------+-------+-------++-------
Melee: Short sword       |    17 |       |       |       |       |       |       ||    17
       Rapier            |     8 |    22 |       |       |       |       |       ||    30
       Spear             |       |    10 |    60 |    18 |       |       |       ||    88
       Staff             |       |       |       |     2 |     1 |       |   340 ||   343
       Punch             |       |       |       |    24 |   118 |     4 |       ||   146
       Unarmed           |       |       |       |   362 |  1037 |  1642 |  1342 ||  4383
Throw: Dart              |       |     5 |     8 |     3 |     2 |    34 |     4 ||    56
       Boomerang         |       |       |       |       |    10 |     7 |       ||    17
 Cast: Foxfire           |    43 |   114 |   139 |   140 |    56 |    13 |     6 ||   511
       Fireball          |       |       |    10 |    63 |    83 |    68 |    13 ||   237
       Mephitic Cloud    |       |       |     5 |     3 |     1 |     1 |       ||    10
       Sticky Flame      |       |       |    10 |    61 |    27 |    28 |     6 ||   132
       Summon Butterflie |       |       |       |     1 |     1 |       |     2 ||     4
       Blink             |       |       |       |       |     9 |     1 |     3 ||    13
       Conjure Flame     |       |       |       |       |     3 |       |       ||     3
       Lesser Beckoning  |       |       |       |       |    12 |    24 |     7 ||    43
       Starburst         |       |       |       |       |       |       |    38 ||    38
       Iskenderun's Myst |       |       |       |       |       |       |     1 ||     1
       Regeneration      |       |       |       |       |       |       |     4 ||     4
Invok: Slouch            |       |       |       |     1 |     6 |    10 |    18 ||    35
Evoke: Wand              |       |       |     2 |    11 |     1 |     2 |       ||    16
       Staff of energy   |       |       |     1 |     1 |       |       |       ||     2
       Phial of floods   |       |       |       |     1 |       |       |       ||     1
  Use: Potion            |       |     1 |       |     3 |     4 |     5 |     2 ||    15
       Scroll            |       |     6 |     6 |     3 |    15 |    10 |     7 ||    47
 Stab: Sleeping          |     3 |     3 |     2 |     2 |    12 |       |       ||    22
       Confused          |       |       |     4 |     1 |       |     2 |       ||     7
       Petrified         |       |       |       |     4 |       |       |       ||     4
       Distracted        |       |       |       |       |     1 |       |     1 ||     2
       Held in net/web   |       |       |       |       |       |     2 |       ||     2
       Paralysed         |       |       |       |       |       |       |     1 ||     1
  Eat: Chunk             |     2 |    11 |    16 |    15 |    27 |    24 |    12 ||   107
       Ration            |       |       |       |     1 |       |     1 |     5 ||     7
Armor: Robe              |    12 |    53 |    71 |       |       |       |       ||   136
       Scale mail        |       |       |       |   279 |   525 |    45 |       ||   849
       Plate armour      |       |       |       |       |       |  1060 |   693 ||  1753
Dodge: Dodged            |    21 |    82 |    94 |   260 |   763 |   593 |   459 ||  2272
Block: Shield            |       |       |       |       |       |  1345 |  1395 ||  2740
       Reflection        |       |       |       |       |       |    35 |    68 ||   103

Table legend:
 A = Non-vault XP
 B = Vault XP
 C = Vault XP percentage of total XP
 D = Non-vault monster count
 E = Vault monster count
 F = Vault count percentage of total count
                 A         B        C        D         E       F
            +---------+---------+-------+---------+---------+-------
      Total |  395648 |  252960 |  39.0 |    1166 |     377 |  24.4
            +---------+---------+-------+---------+---------+-------
        D:1 |      27 |       0 |   0.0 |      16 |       0 |   0.0
        D:2 |     175 |       0 |   0.0 |      15 |       0 |   0.0
        D:3 |     142 |      48 |  25.3 |      29 |       2 |   6.5
        D:4 |     260 |       0 |   0.0 |      21 |       0 |   0.0
        D:5 |     262 |       0 |   0.0 |       6 |       0 |   0.0
        D:6 |     958 |       0 |   0.0 |      25 |       0 |   0.0
        D:7 |     468 |       0 |   0.0 |      20 |       0 |   0.0
        D:8 |     371 |       0 |   0.0 |       6 |       0 |   0.0
        D:9 |    1033 |     226 |  18.0 |      20 |       1 |   4.8
       D:10 |    3640 |     308 |   7.8 |      25 |      10 |  28.6
       D:11 |    3550 |       0 |   0.0 |      23 |       0 |   0.0
       D:12 |    7262 |    3554 |  32.9 |      43 |       2 |   4.4
       D:13 |    6506 |    1767 |  21.4 |      35 |       3 |   7.9
       D:14 |    2337 |    1022 |  30.4 |       6 |       5 |  45.5
       D:15 |   16899 |    9662 |  36.4 |      59 |      16 |  21.3
     Lair:1 |    2315 |    4962 |  68.2 |       7 |      10 |  58.8
     Lair:2 |    3668 |     123 |   3.2 |      16 |       8 |  33.3
     Lair:3 |    2533 |       0 |   0.0 |       9 |       0 |   0.0
     Lair:4 |    4512 |    6282 |  58.2 |      18 |      14 |  43.8
     Lair:5 |    9870 |     833 |   7.8 |      33 |       1 |   2.9
     Lair:6 |   11571 |   14569 |  55.7 |      41 |      29 |  41.4
    Swamp:1 |   12161 |       0 |   0.0 |      33 |       0 |   0.0
    Swamp:2 |    7886 |       0 |   0.0 |      28 |       0 |   0.0
    Swamp:3 |   14115 |       0 |   0.0 |      32 |       0 |   0.0
    Swamp:4 |    6501 |   28806 |  81.6 |      18 |      31 |  63.3
   Spider:1 |   14031 |    2037 |  12.7 |      43 |       2 |   4.4
   Spider:2 |   14403 |       0 |   0.0 |      29 |       0 |   0.0
   Spider:3 |    8101 |    1777 |  18.0 |      26 |       1 |   3.7
   Spider:4 |   18512 |   23940 |  56.4 |      58 |      45 |  43.7
      Orc:1 |    3896 |    3133 |  44.6 |      19 |       6 |  24.0
      Orc:2 |    4325 |   17488 |  80.2 |      33 |      43 |  56.6
   Vaults:1 |   23477 |   25381 |  51.9 |      43 |      27 |  38.6
   Vaults:2 |   23899 |   19234 |  44.6 |      35 |      17 |  32.7
   Vaults:3 |   17247 |   24476 |  58.7 |      19 |      33 |  63.5
   Vaults:4 |   32766 |   20579 |  38.6 |      44 |      24 |  35.3
   Depths:1 |   56143 |   24067 |  30.0 |      85 |      17 |  16.7
   Depths:2 |     327 |    1882 |  85.2 |       1 |       1 |  50.0
    Abyss:3 |   43190 |       0 |   0.0 |     112 |       0 |   0.0
    Abyss:4 |   16309 |   13302 |  44.9 |      35 |      17 |  32.7
    Volcano |       0 |    3502 | 100.0 |       0 |      12 | 100.0
            +---------+---------+-------+---------+---------+-------
